 Dungeon Crawl Stone Soup version 0.28.0-43-g3370ac3207 (webtiles) character file.

Game seed: 14108711577249267814

141 boopmooplesden the Bolt Thrower (level 5, -2/45 HPs)
             Began as a Minotaur Hunter on Mar 2, 2022.
             Splashed by a jelly's acid (8 damage)
             ... in a sewer.
             The game lasted 00:05:15 (2217 turns).

boopmooplesden the Bolt Thrower (Minotaur Hunter)   Turns: 2217, Time: 00:05:15

Health: -2/45      AC: -3    Str: 17    XL:     5   Next: 3%
Magic:  4/4        EV: 12    Int:  8    God:
Gold:   61         SH:  0    Dex: 12    Spells: 4/4 levels left

rFire   . . .      SeeInvis .   b - +0 short sword
rCold   . . .      Faith    .   (no shield)
rNeg    . . .      Spirit   .   c - +0 leather armour
rPois   .          Reflect  .   (helmet restricted)
rElec   .          Harm     .   (no cloak)
rCorr   .          Rampage  .   (no gloves)
Will    .....                   j - +0 pair of boots
Stlth   +.........              h - amulet of regeneration
HPRegen 0.95/turn               (no ring)
MPRegen 0.09/turn               (no ring)

@: corroded, very slow
A: horns 2, retaliatory headbutt
a: no special abilities


You were in a sewer.
You visited 1 branch of the dungeon, and saw 3 of its levels.
You also visited: Sewer.

You collected 61 gold pieces.

Inventory:

Hand Weapons
 a - a +1 hand crossbow
 b - a +0 short sword (weapon)
Missiles
 d - 37 bolts
Armour
 c - a +0 leather armour (worn)
 j - a +0 pair of boots (worn)
Jewellery
 h - an amulet of regeneration (around neck)
Potions
 e - a potion of mutation {unknown}
 i - a potion of invisibility
 k - a potion of heal wounds {unknown}


   Skills:
 + Level 3.4 Fighting
 + Level 1.4 Short Blades
 + Level 5.9 Crossbows
 + Level 1.4 Armour
 + Level 2.3 Dodging
 + Level 1.2 Stealth


You had 4 spell levels left.
You didn't know any spells.
Your spell library contained the following spells:

 Spells                   Type           Power      Damage    Failure   Level
 Sublimation of Blood     Necr           0%         N/A       61%         2
 Petrify                  Tmut/Erth      0%         N/A       99%         4
 Irradiate                Conj/Tmut      0%         3d14      100%        5


Dungeon Overview and Level Annotations

Branches:
Dungeon (3/15)              Sewer (1/1)

Altars:


Innate Abilities, Weirdness & Mutations

You have a pair of horns on your head.
You reflexively headbutt those who attack you in melee.


Message History

You see here 2 bolts.
You enter the shallow water.
Moving in this stuff is going to be slow.
The jelly quivers.
You see here a bolt.
The jelly barely misses you.
You hit the jelly.
Your hands burn!
The jelly is moderately wounded.
The jelly hits you. The acid corrodes you!
You are splashed with acid!
You hit the jelly.
Your hands burn!
The jelly is severely wounded.
The jelly hits you.
You are splashed with acid!
You hit the jelly but do no damage.
Your hands burn!
You headbutt the jelly, but do no damage.
The jelly is severely wounded.
The jelly hits you.
* * * LOW HITPOINT WARNING * * *
You are splashed with acid!
* * * LOW HITPOINT WARNING * * *
You feel better. The jelly barely misses you. You furiously retaliate!
You headbutt the jelly, but do no damage.
You feel better.
The jelly jiggles.
The jelly barely misses you.
As you read the scroll of fog, it crumbles to dust.
The scroll dissolves into smoke.
The jelly hits you. The acid corrodes you!
You are splashed with acid!
* * * LOW HITPOINT WARNING * * *
You enter the shallow water.
Moving in this stuff is going to be slow.
The jelly barely misses you. The jelly hits you.
* * * LOW HITPOINT WARNING * * *
You are splashed with acid!
* * * LOW HITPOINT WARNING * * *
You enter the shallow water.
Moving in this stuff is going to be slow.
The jelly hits you.
* * * LOW HITPOINT WARNING * * *
The acid corrodes you!
You are splashed with acid!
You die...

##≈≈. ##....≈.##
#!.≈. ##∩≈≈†.≈.≈#
###
#§§§###.≈.###...#
#..
#§§§§##≈.##.##.≈###
#..
#§§§##≈†#≈..#.≈≈..
#.≈
##§§##.≈≈..##..≈≈≈.
#.≈
#§§§##...##.≈≈##..
#≈. ##§§J≈≈≈†#...##
. #†. ##≈≈@≈..≈.≈#
#≈≈ ###≈.≈.≈≈≈##
#.. ###†≈≈†≈≈## ###
#≈≈≈...≈.##
#...###≈≈≈≈# #≈≈≈##
##≈≈.## #..##
##≈≈≈### #.≈
#..≈..#### ##.
##≈≈≈≈....


You could see a jelly.

Vanquished Creatures
  5 adders
  3 river rats (Sewer)
  A worm (D:3)
  4 ball pythons
  9 endoplasms
  6 giant cockroaches
  3 goblins
  4 hobgoblins (D:1)
  3 jackals (D:1)
  3 kobolds
  4 quokkas
  5 bats
  7 frilled lizards
  8 rats
65 creatures vanquished.

Notes
Turn   | Place    | Note
-------+----------+-------------------------------------------
     0 | D:1      | boopmooplesden the Minotaur Hunter began the quest for the
                  | Orb.
     0 | D:1      | Reached XP level 1. HP: 18/18 MP: 0/0
    72 | D:1      | Reached skill level 1 in Stealth
   243 | D:1      | Reached XP level 2. HP: 25/25 MP: 1/1
   442 | D:1      | Found a faded altar of an unknown god.
   446 | D:1      | Reached skill level 5 in Crossbows
  1106 | D:2      | Reached XP level 3. HP: 30/30 MP: 2/2
  1943 | D:3      | Found a glowing drain.
  1969 | D:3      | Reached XP level 4. HP: 37/37 MP: 3/3
  1990 | Sewer    | Entered a sewer
  2004 | Sewer    | Reached skill level 1 in Armour
  2024 | Sewer    | Reached skill level 1 in Short Blades
  2174 | Sewer    | Reached XP level 5. HP: 45/45 MP: 4/4
  2217 | Sewer    | Splashed by a jelly's acid

Illustrated notes

Levels and vault maps discovered:
D:1:      onia_arrival_mini_maze_b, layout_rooms,
          hellmonk_ecumenical_altar_pennies_from_heaven,
          minmay_misc_feat_enclosed
D:2:      layout_basic, st_stairs_1, kennysheep_doodads
D:3:      layout_basic, serial_shops, shop, portal_sewer_entry_b,
          minmay_misc_feat_encased
Sewer:    sewer_hellmonk_slimy_pipes

Skill      XL: |  1  2  3  4 |
---------------+-------------+-----
Stealth        | 1 |  1.2
Crossbows      | 5 |  5.9
Armour         | 1 |  1.4
Short Blades   | 1 |  1.4
Fighting       | 3 |  3.4
Dodging        | |  2.3

Action                   |  1- 3 |  4- 6 || total
-------------------------+-------+-------++-------
Melee: Short sword       |    50 |    52 ||   102
       Headbutt          |     5 |     8 ||    13
 Fire: Hand crossbow     |    61 |    22 ||    83
  Use: Scroll            |     4 |     1 ||     5
       Potion            |       |     2 ||     2
Armor: Leather armour    |    13 |    11 ||    24
Dodge: Dodged            |    34 |    44 ||    78
